 Dungeon Crawl Stone Soup version 0.28-a0-1080-g05a166d0ed (webtiles) character file.

Game seed: 17111933329024421170

142 Redcow54321 the Ruffian (level 5, -4/41 HPs)
             Began as a Demonspawn Abyssal Knight on Dec 9, 2021.
             Was a Believer of Lugonu.
             Killed by nerve-wracking pain
             ... invoked by Jessica
              (6 damage)
             ... on level 3 of the Dungeon.
             The game lasted 00:03:48 (2894 turns).

Redcow54321 the Ruffian (Demonspawn Abyssal Knight) Turns: 2894, Time: 00:03:49

Health: -4/41      AC:  8    Str: 15    XL:     5   Next: 3%
Magic:  6/6        EV:  8    Int: 11    God:    Lugonu [**....]
Gold:   81         SH:  0    Dex: 14    Spells: 4/4 levels left

rFire   . . .      SeeInvis .     - Unarmed
rCold   . . .      Faith    .   (no shield)
rNeg    + . .      Spirit   .   g - +0 chain mail
rPois   .          Reflect  .   (no helmet)
rElec   .          Harm     .   (no cloak)
rCorr   .          Rampage  .   (no gloves)
Will    .....                   (no boots)
Stlth   ..........              (no amulet)
HPRegen 0.13/turn               h - ring of positive energy
MPRegen 0.10/turn               (no ring)

@: no status effects
A: repulsion field 1, ignite blood 1
a: Renounce Religion, Depart the Abyss, Bend Space


You were on level 3 of the Dungeon.
You worshipped Lugonu.
Lugonu was pleased with you.
You visited 1 branch of the dungeon, and saw 3 of its levels.
You visited the Abyss 1 time.

You collected 81 gold pieces.

Inventory:

Armour
 a - a +0 leather armour
 g - a +0 chain mail (worn)
Jewellery
 h - a ring of positive energy (left hand)
 i - a ring of ice
Scrolls
 b - 3 scrolls of identify {unknown}
 c - 2 scrolls of fear {unknown}
 d - a scroll of brand weapon {unknown}
 e - 2 scrolls of immolation
 f - 2 scrolls of teleportation {unknown}


   Skills:
 - Level 3.0 Fighting
 - Level 1.7 Armour
 - Level 0.8 Dodging
 * Level 4.8 Unarmed Combat
 - Level 2.4 Invocations


You had 4 spell levels left.
You didn't know any spells.
Your spell library contained the following spells:

 Spells                   Type           Power      Damage    Failure   Level
 Stone Arrow              Conj/Erth      0%         3d7       100%        3
 Animate Armour           Summ/Erth      0%         N/A       100%        4
 Lehudib's Crystal Spear  Conj/Erth      0%         10d2      100%        8


Dungeon Overview and Level Annotations

Branches:
Dungeon (3/15)

Altars:

Annotations:
D:3 Jessica


Innate Abilities, Weirdness & Mutations

You are surrounded by a mild repulsion field. (EV +2)
Your demonic aura sometimes causes spilled blood to erupt in flames.


Message History

You hit Natasha but do no damage.
Natasha is heavily wounded.
Jessica looks very angry.
Natasha claws you.
* * * LOW HITPOINT WARNING * * *
The kobold throws a stone.
The stone hits you but does no damage.
You hit Natasha.
Natasha is almost dead.
Natasha is engulfed in blazing flames.
You kill Natasha!
Lugonu accepts your kill.
Natasha yowls pathetically as she dies!
You have reached level 5!
Your demonic ancestry asserts itself...
You begin to radiate repulsive energy.
Jessica casts a spell at you. Pain shoots through your body!
* * * LOW HITPOINT WARNING * * *
The kobold throws a stone.
The stone barely misses you.
You see here an adder corpse.
Jessica points at you and mumbles some strange words.
You barely resist.
The kobold throws a stone.
The stone hits you.
* * * LOW HITPOINT WARNING * * *
You are too injured to fight recklessly!
You closely miss Jessica. Jessica hits you with a +0 dagger.
* * * LOW HITPOINT WARNING * * *
You closely miss Jessica.
Jessica casts a spell.
Jessica seems to speed up.
The kobold hits you but does no damage.
You closely miss Jessica. Jessica hits you but does no damage.
The kobold closely misses you. Jessica hits you but does no damage.
You closely miss Jessica. Jessica gestures at you while chanting.
You barely resist. You closely miss Jessica.
The kobold hits you with a +0 whip.
* * * LOW HITPOINT WARNING * * *
Jessica gestures at you while chanting. Pain shoots through your body!
You die...

......#...#
......#...#
......#...#
......#...#
...#......##.#
...#####..##.# ...
#..##.# #########
#..##.# #........
#..##.###@#########
#.......@.K........
#.##.##.#####.#####.
#.....†..K.......#
#....##.####..####
...!......... .....#
####.#####.#.##..#.#
... ..#.##.....# ###
### ###.####


You could see Jessica (fast) and a kobold.

Vanquished Creatures
  Natasha (D:3)
  4 adders
  3 gnolls
  7 bats
  3 endoplasms
  2 giant cockroaches
  5 goblins
  3 hobgoblins (D:2)
  5 quokkas
  6 ball pythons
  2 frilled lizards
  6 kobolds
  7 rats
54 creatures vanquished.

Notes
Turn   | Place    | Note
-------+----------+-------------------------------------------
     0 | Abyss:1  | Redcow54321 the Demonspawn Abyssal Knight began the quest
                  | for the Orb.
     0 | Abyss:1  | Reached XP level 1. HP: 18/18 MP: 2/2
    78 | Abyss:1  | Noticed a ynoxinul
    97 | Abyss:1  | Noticed a thrashing horror
    99 | Abyss:1  | Noticed a hellion
   101 | D:1      | Escaped the Abyss
   329 | D:1      | Reached skill level 2 in Unarmed Combat
   566 | D:1      | Gained mutation: Your demonic aura sometimes causes spilled
                  | blood to erupt in flames. [demonic ancestry]
   566 | D:1      | Reached XP level 2. HP: 23/24 MP: 3/3
   699 | D:1      | Reached * piety under Lugonu
   750 | D:1      | Found a faded altar of an unknown god.
  1069 | D:1      | Reached skill level 3 in Unarmed Combat
  1331 | D:2      | Reached XP level 3. HP: 27/29 MP: 4/4
  1854 | D:2      | Reached XP level 4. HP: 25/35 MP: 5/5
  1957 | D:2      | Reached ** piety under Lugonu
  1958 | D:2      | Reached skill level 4 in Unarmed Combat
  2848 | D:3      | Noticed Natasha
  2874 | D:3      | Noticed Jessica
  2877 | D:3      | Killed Natasha
  2878 | D:3      | Gained mutation: You are surrounded by a mild repulsion
                  | field. (EV +2) [demonic ancestry]
  2878 | D:3      | Reached XP level 5. HP: 11/41 MP: 6/6
  2894 | D:3      | HP: 2/41 [kobold (3)]
  2894 | D:3      | Killed from afar by Jessica

Illustrated notes

Levels and vault maps discovered:
D:1:      lightli_arrival_lavapool, layout_basic,
          hellmonk_ecumenical_altar_blasted
D:2:      minmay_wonky_spiral, layout_rooms, serial_aquarium,
          aquarium_bridge_straight [aquarium_subvault_bridge,
          aquarium_subvault_window, aquarium_subvault_bridge,
          aquarium_subvault_balcony], aquarium_bridge_straight
          [aquarium_subvault_bridge, aquarium_subvault_window,
          aquarium_subvault_bridge, aquarium_subvault_window],
          aquarium_window_1, aquarium_window_1, aquarium_view_4, aquarium_pool_1
D:3:      layout_basic, kennysheep_generic_room_10, uniq_sigmund, uniq_natasha,
          uniq_jessica

Skill      XL: |  1  2  3  4 |
---------------+-------------+-----
Unarmed Combat | 2 3 4 |  4.8
Fighting       | |  3.0
Armour         | |  1.7
Dodging        | |  0.8
Invocations    | |  2.4

Action                   |  1- 3 |  4- 6 || total
-------------------------+-------+-------++-------
Melee: Unarmed           |   167 |    67 ||   234
       Punch             |     2 |       ||     2
Invok: Depart the Abyss  |     1 |       ||     1
  Use: Potion            |     1 |       ||     1
Armor: Leather armour    |    30 |       ||    30
       Chain mail        |    34 |    33 ||    67
Dodge: Dodged            |    89 |    24 ||   113

Table legend: (Time is in decaauts)
 A = Elapsed time spent in this place.
 B = Non-inter-level travel time spent in this place.
 C = Inter-level travel time spent in this place.
 D = Time resting spent in this place.
 E = Time spent auto-exploring this place.
 F = Levels seen in this place.
 G = Mean time per level.
                   A        B        C        D        E       F      G
               +--------+--------+--------+--------+--------+-----+--------+
         Total |   2879 |   2800 |     79 |    374 |   1981 |   4 |  719.8 |
       Dungeon |   2778 |   2699 |     79 |    374 |   1906 |   3 |  926.0 |
         Abyss |    101 |    101 |      0 |      0 |     75 |   1 |  101.0 |
               +--------+--------+--------+--------+--------+-----+--------+

Top non-repeatable levels by time:
     D:2: 1562 daAuts
     D:1: 1012 daAuts
     D:3: 203 daAuts
 Abyss:1: 101 daAuts
